[Event "Team 45 45 League T71"]
[Site "Internet Chess Club"]
[Date "2016.12.08"]
[Round "1"]
[White "saiabhi29"]
[Black "idjit"]
[Result "0-1"]
[WhiteElo "1599"]
[BlackElo "1573"]
[Opening "French: Tarrasch, Guimard main line"]
[ECO "C04"]
[Time "20:59:47"]
[TimeControl "2700+45"]

1. e4 e6 2. d4 d5 3. Nd2 Nc6 4. Ngf3 Nf6 5. exd5 exd5 6. Bb5 Bd6 7. O-O O-O 8.
Nb3 Ne4 9. h3 Qf6 10. Bxc6 bxc6 11. Nbd2 Qg6 12. Nh4 Qg5 13. Ndf3 Qh5 14. g4
Bxg4 15. hxg4 Qxg4+ 16. Ng2 Rae8 17. Nh2 Qh3 18. Bf4 f5 19. Qf3 Ng5 20. Qg3 Qxg3
21. fxg3 Nh3+ 22. Kh1 Re2 23. Bxd6 cxd6 24. Nf4 Nxf4 25. Rxf4 Rxc2 26. Rb1 Rb8
27. Rxf5 Rbxb2 28. Rbf1 Rxh2+ 29. Kg1 Rbg2# {White checkmated} 0-1

[Event "Team 45 45 League T71"]
[Site "Internet Chess Club"]
[Date "2016.12.11"]
[Round "1"]
[White "losscause"]
[Black "anishio"]
[Result "0-1"]
[WhiteElo "1521"]
[BlackElo "1688"]
[Opening "Grünfeld: 5.Bf4"]
[ECO "D92"]
[Time "21:04:44"]
[TimeControl "2700+45"]

1. d4 Nf6 2. Nf3 g6 3. c4 Bg7 4. Nc3 d5 5. Bf4 O-O 6. h3 c5 7. e3 e6 8. Ne5 Nbd7
9. cxd5 Nxd5 10. Nxd5 Nxe5 11. dxe5 exd5 12. Bd3 Re8 13. O-O Bxe5 14. Bxe5 Rxe5
15. Rc1 b6 16. Be2 Bb7 17. Bf3 Qc7 18. Qc2 Rd8 19. b4 c4 20. Rfd1 b5 21. Rd4 a5
22. a3 axb4 23. axb4 Qe7 24. Qc3 Ra8 25. Bd1 Bc6 26. Rb1 Re4 27. Rd2 Qe5 28.
Qxe5 Rxe5 29. Kf1 Ra3 30. Ke2 Bd7 31. Bc2 Kg7 32. Rd4 Ra2 {White resigns} 0-1

[Event "Team 45 45 League T71"]
[Site "Internet Chess Club"]
[Date "2016.12.10"]
[Round "1"]
[White "arnav07"]
[Black "drsigmund1"]
[Result "0-1"]
[WhiteElo "1499"]
[BlackElo "1481"]
[Opening "French: Tarrasch, closed variation"]
[ECO "C05"]
[Time "18:00:29"]
[TimeControl "2700+45"]

1. e4 e6 2. d4 d5 3. Nd2 Nf6 4. e5 Nfd7 5. Bd3 c5 6. c3 Nc6 7. Ne2 Qc7 8. Nf3
Be7 9. Bf4 O-O 10. O-O cxd4 11. cxd4 Nb6 12. Rc1 Qd8 13. a3 Bd7 14. Qd2 Rc8 15.
Ng5 h6 16. Nf3 f5 17. exf6 Bxf6 18. Bg6 Nc4 19. Qc2 Ne7 20. Qb1 Qb6 21. Rxc4
Rxc4 22. Bd3 Rxd4 23. Nexd4 Bxd4 24. Nxd4 Rxf4 25. Nf3 Nc6 26. Re1 Nd4 27. Ne5
Be8 28. Qc1 Rf8 29. Re3 Nc6 30. Nf3 e5 31. Nxe5 Nxe5 32. Rxe5 Qxf2+ 33. Kh1 Qd4
34. Re3 Bc6 35. Rg3 Qf6 36. h3 Qd6 37. Rg6 Qf4 38. Qc3 d4 39. Qb3+ Kh8 40. Qd1
Qe3 41. Kh2 Rf2 42. Rg3 Qf4 43. Qg4 Rxg2+ 44. Kh1 Rxg3+ 45. Kh2 Qf2# {White
checkmated} 0-1

[Event "Team 45 45 League T71"]
[Site "Internet Chess Club"]
[Date "2016.12.10"]
[Round "1"]
[White "viktory"]
[Black "fireball"]
[Result "1/2-1/2"]
[WhiteElo "1646"]
[BlackElo "1706"]
[Opening "Budapest defense"]
[ECO "A52"]
[Time "12:09:42"]
[TimeControl "2700+45"]

1. d4 Nf6 2. c4 e5 3. dxe5 Ng4 4. e3 d6 5. exd6 Bxd6 6. Nf3 O-O 7. Be2 Nc6 8.
Nbd2 Bf5 9. a3 a5 10. Nb3 Qf6 11. h3 Nge5 12. Nbd4 Bg6 13. O-O Rfd8 14. Qe1 Be4
15. Bd2 Nxd4 16. Nxd4 Nd3 17. Bxd3 Bxd3 18. Bc3 Bxf1 19. Qxf1 Qg6 20. Nb5 c6 21.
Nxd6 Rxd6 22. Rd1 b6 23. Be5 Rxd1 24. Qxd1 Qe6 25. Bc7 Qxc4 26. Bxb6 Qb5 27. Bd4
Rd8 28. Qg4 g6 29. Qh4 Rxd4 30. Qxd4 c5 31. Qd2 a4 32. f3 f5 33. Kf2 Qc4 34. Kg3
Kg7 35. f4 {Game drawn by mutual agreement} 1/2-1/2

[Event "Team 45 45 League T71"]
[Site "Internet Chess Club"]
[Date "2016.12.08"]
[Round "1"]
[White "Ajolote"]
[Black "Bizzy-Ketty"]
[Result "1-0"]
[WhiteElo "1755"]
[BlackElo "1562"]
[Opening "Sicilian: closed"]
[ECO "B24"]
[Time "19:00:38"]
[TimeControl "2700+45"]

1. e4 c5 2. Nc3 Nc6 3. g3 e6 4. Bg2 Nf6 5. Nge2 d5 6. exd5 exd5 7. d4 c4 8. Nf4
Bb4 9. O-O Bxc3 10. bxc3 O-O 11. h3 Re8 12. Re1 Ne4 13. Bxe4 dxe4 14. d5 Na5 15.
Qd4 f5 16. Ba3 Qf6 17. Qxf6 gxf6 18. Bb4 b6 19. Bxa5 bxa5 20. Rab1 Bd7 21. Rb7
Ba4 22. Nh5 Rf8 23. d6 Rf7 24. d7 Bxc2 25. Rc7 Rff8 26. Nf4 Rfb8 27. Ne6 e3 28.
fxe3 h6 29. d8=Q+ Rxd8 30. Nxd8 Rxd8 31. Rxa7 Rd3 32. Rxa5 Rxc3 33. Ra8+ Kf7 34.
a4 Ra3 35. a5 Be4 36. Ra7+ Kg6 37. a6 c3 38. Rc7 Rxa6 39. Rxc3 Ra2 40. Rc8 Rg2+
41. Kf1 Rh2 42. h4 Bb7 43. Rb8 Be4 44. Rc8 Bb7 45. Rc7 Be4 46. Rec1 Rh1+ 47. Ke2
Rh2+ 48. Ke1 Rh1+ 49. Kd2 Rh2+ 50. Kc3 Re2 51. Kd4 Rd2+ 52. Kc5 Rd3 53. Re1 Rc3+
54. Kd6 Rd3+ 55. Ke7 Rd5 56. Rc6 Re5+ 57. Re6 Bd5 58. Rxe5 fxe5 59. Kd6 Bf3 60.
Kxe5 h5 61. Rf1 Be4 62. Rf4 Bc2 63. Rc4 Bd3 64. Rc6+ Kg7 65. Rf6 Be4 66. Rxf5
Bxf5 67. Kxf5 Kh6 68. Kf6 Kh7 69. Kf7 Kh6 70. e4 Kh7 71. e5 Kh6 72. e6 Kh7 73.
e7 Kh6 74. e8=R Kh7 75. Ra8 Kh6 76. Rh8# {Black checkmated} 1-0

[Event "Team 45 45 League T71"]
[Site "Internet Chess Club"]
[Date "2016.12.16"]
[Round "1"]
[White "moodle"]
[Black "Skeptic1972"]
[Result "1-0"]
[WhiteElo "1590"]
[BlackElo "1570"]
[Opening "French: advance variation"]
[ECO "C02"]
[Time "14:30:12"]
[TimeControl "2700+45"]

1. e4 e6 2. d4 d5 3. e5 c5 4. c3 Nc6 5. a3 Qb6 6. Nf3 cxd4 7. cxd4 Nge7 8. b4
Nf5 9. Bb2 Be7 10. Bd3 Bd7 11. Bxf5 exf5 12. Nc3 Be6 13. O-O O-O 14. Re1 Na5 15.
Na4 Qb5 16. bxa5 {Black resigns} 1-0

[Event "Team 45 45 League T71"]
[Site "Internet Chess Club"]
[Date "2016.12.08"]
[Round "1"]
[White "crazyhorses"]
[Black "karthikkallam"]
[Result "1-0"]
[WhiteElo "1341"]
[BlackElo "1344"]
[Opening "Ruy Lopez: Berlin defense"]
[ECO "C65"]
[Time "16:01:57"]
[TimeControl "2700+45"]

1. e4 e5 2. Nf3 Nc6 3. Bb5 Nf6 4. d3 d6 5. c3 Bd7 6. O-O a6 7. Ba4 b5 8. Bb3 Be7
9. Nbd2 O-O 10. Re1 Bg4 11. Nf1 Na5 12. Bc2 c5 13. Ng3 Nc6 14. h3 Be6 15. Nf5 h6
16. d4 Bxf5 17. exf5 exd4 18. cxd4 Qc7 19. Bf4 Nd5 20. Bg3 Ncb4 21. Be4 Rac8 22.
a3 Nc6 23. Bxd5 cxd4 24. Rc1 Qd7 25. Rxc6 Rxc6 26. Bxc6 Qxc6 27. Qxd4 Bf6 28.
Qxd6 Qxd6 29. Bxd6 Rd8 30. Be5 Bxe5 31. Nxe5 Re8 32. Nd3 Rd8 33. Re3 Rc8 34. Kh2
g6 35. fxg6 fxg6 36. Re6 Rd8 37. Ne5 Rd5 {Black resigns} 1-0

[Event "Team 45 45 League T71"]
[Site "Internet Chess Club"]
[Date "2016.12.11"]
[Round "1"]
[White "XNPchess"]
[Black "NashGames"]
[Result "1/2-1/2"]
[WhiteElo "2028"]
[BlackElo "2210"]
[Opening "Queen's bishop game"]
[ECO "D02"]
[Time "16:00:37"]
[TimeControl "2700+45"]

1. d4 Nf6 2. Nf3 d5 3. Bf4 c5 4. e3 Nc6 5. c3 e6 6. Nbd2 Nh5 7. Bg5 Qb6 8. dxc5
Qxb2 9. Nd4 g6 10. Nb5 f6 11. Bh4 Rb8 12. Rb1 Qxa2 13. Be2 Be7 14. Bxh5 gxh5 15.
Qxh5+ Kd8 16. Nd6 Rf8 17. Qxh7 b6 18. Nxc8 Kxc8 19. Bg3 e5 20. cxb6 Rxb6 21.
Rxb6 axb6 22. Qb1 Qxb1+ 23. Nxb1 Kd7 24. Ke2 f5 25. f3 Ra8 26. Nd2 Ra2 27. Rd1
Na5 28. Bxe5 Nc4 29. Bd4 Nb2 30. Rb1 Nc4 31. Rd1 {Game drawn by mutual
agreement} 1/2-1/2

[Event "Team 45 45 League T71"]
[Site "Internet Chess Club"]
[Date "2016.12.11"]
[Round "1"]
[White "lacibacsi"]
[Black "Monterrey"]
[Result "1/2-1/2"]
[WhiteElo "2052"]
[BlackElo "2044"]
[Opening "French: advance, Paulsen attack"]
[ECO "C02"]
[Time "14:04:37"]
[TimeControl "2700+45"]

1. e4 e6 2. d4 d5 3. e5 c5 4. c3 Nc6 5. Nf3 Qb6 6. a3 Nh6 7. b4 cxd4 8. Bxh6
gxh6 9. cxd4 Bd7 10. Ra2 Rc8 11. Rc2 Be7 12. Be2 O-O 13. O-O f6 14. Nc3 Qd8 15.
Qd2 Kg7 16. Nd1 a6 17. Ne3 fxe5 18. Nxe5 Nxe5 19. Rxc8 Qxc8 20. dxe5 {Game drawn
by mutual agreement} 1/2-1/2

[Event "Team 45 45 League T71"]
[Site "Internet Chess Club"]
[Date "2016.12.10"]
[Round "1"]
[White "Capt-Morgan"]
[Black "cool64chess"]
[Result "1-0"]
[WhiteElo "1888"]
[BlackElo "1972"]
[Opening "QGD: 4.Nf3"]
[ECO "D37"]
[Time "13:45:44"]
[TimeControl "2700+45"]

1. Nf3 d5 2. d4 Nf6 3. c4 e6 4. Nc3 Be7 5. e3 O-O 6. Qc2 dxc4 7. Bxc4 a6 8. O-O
b5 9. Bd3 Bb7 10. e4 h6 11. Ne2 Nbd7 12. e5 Nd5 13. a3 c5 14. Bd2 Rc8 15. Qb1
cxd4 16. Nexd4 Qb6 17. Qe1 Nc5 18. Bc2 Qa7 19. Qe2 Rfd8 20. h3 Na4 21. Qd3 g6
22. Bxa4 bxa4 23. Bxh6 Nc7 24. Qc4 Nb5 25. Nxb5 axb5 26. Qe2 Bxf3 27. Qxf3 Qd4
28. Qb7 Bc5 29. Qxb5 Qxe5 30. Qxa4 Rd4 31. b4 Bd6 32. g3 Rh4 33. Qd7 Rb8 34.
Rae1 Qd5 35. Rd1 Rd4 36. Rxd4 Qxd4 37. Be3 Qd5 38. Rc1 Kg7 39. Qc6 Qxc6 40. Rxc6
Be5 41. Bc5 Bc3 42. Bd6 Rd8 43. Rxc3 Rxd6 44. Kg2 Kf6 45. b5 Ke5 46. a4 Kd4 47.
Rc7 {Black resigns} 1-0

[Event "Team 45 45 League T71"]
[Site "Internet Chess Club"]
[Date "2016.12.10"]
[Round "1"]
[White "volodia80"]
[Black "sockbuf"]
[Result "0-1"]
[WhiteElo "1688"]
[BlackElo "1805"]
[Opening "Two knights defense (Modern bishop's opening)"]
[ECO "C55"]
[Time "16:05:15"]
[TimeControl "2700+45"]

1. e4 e5 2. Nf3 Nc6 3. Bc4 Nf6 4. d3 Be7 5. c3 O-O 6. Bb3 d5 7. Qe2 Be6 8. Bc2
Qd7 9. O-O Rfe8 10. Nbd2 Rad8 11. Re1 a5 12. Nf1 b5 13. Ng3 dxe4 14. dxe4 Bc4
15. Qd1 Qe6 16. Bd2 Bc5 17. b3 Ng4 18. bxc4 Bxf2+ 19. Kf1 Qxc4+ 20. Qe2 Bxe1 21.
Qxc4 bxc4 22. Kxe1 Re6 23. h3 Nf6 24. Rb1 Rb8 25. Rxb8+ Nxb8 26. Nf5 Nbd7 27.
Be3 g6 28. Ng5 gxf5 29. Nxe6 fxe6 30. exf5 exf5 31. Bxf5 Kg7 32. Be6 Nb6 33.
Bxb6 cxb6 34. Bxc4 Ne4 35. Ke2 Nxc3+ 36. Kd3 Na4 37. Ke4 b5 38. Bb3 Nc5+ 39.
Kxe5 Nxb3 40. axb3 a4 41. bxa4 bxa4 42. Kd4 Kf6 43. g3 Kf5 44. Kc4 Ke4 45. Kb4
Kf3 46. g4 Kg3 47. Kxa4 Kxh3 48. g5 Kg4 49. Kb3 Kxg5 50. Kc2 Kg4 51. Kd2 Kg3 52.
Ke2 Kg2 53. Ke3 h5 {White resigns} 0-1

[Event "Team 45 45 League T71"]
[Site "Internet Chess Club"]
[Date "2016.12.11"]
[Round "1"]
[White "dp15"]
[Black "JJ12"]
[Result "1-0"]
[WhiteElo "2068"]
[BlackElo "2144"]
[Opening "Two knights defense (Modern bishop's opening)"]
[ECO "C55"]
[Time "19:00:25"]
[TimeControl "2700+45"]

1. e4 e5 2. Nf3 Nc6 3. Bc4 Nf6 4. d3 Be7 5. c3 d6 6. O-O O-O 7. Nbd2 Na5 8. Bb5
a6 9. Ba4 b5 10. Bc2 c5 11. Re1 Be6 12. Nf1 Rb8 13. d4 Qc7 14. Ne3 b4 15. Nf5
Rfd8 16. d5 Bxf5 17. exf5 Qb7 18. Be4 Nc4 19. b3 Nb6 20. c4 Nxe4 21. Rxe4 Qd7
22. g4 g6 23. fxg6 fxg6 24. Bh6 Bf8 25. Bg5 Re8 26. Qf1 Qf7 27. Qh3 Nd7 28. Nd2
Qg7 29. Bh4 Be7 30. g5 Nb6 31. Re3 Rf8 32. Ne4 Rf5 33. Rf1 a5 34. Rf3 Rbf8 35.
Rxf5 gxf5 36. Ng3 Bxg5 37. Nxf5 Qf6 38. Bxg5 Qxg5+ 39. Ng3 Rf6 40. Kh1 Rh6 41.
Qg2 Rg6 42. Rg1 Qf4 43. Qe4 Nc8 44. Qxf4 exf4 45. Ne2 Rxg1+ 46. Nxg1 Ne7 47. Ne2
Ng6 48. Kg2 Nh4+ 49. Kh3 f3 50. Ng1 Ng6 51. Nxf3 Nf4+ 52. Kg4 Nd3 53. Kf5 Kf7
54. Ng5+ Ke7 55. Nxh7 Nc1 56. Ng5 Nxa2 57. Nf3 Nc1 58. Nd2 Kf7 59. h4 Ne2 60. f4
Ng3+ 61. Kg5 Kg7 62. h5 Kh7 63. f5 Kg7 64. h6+ Kh7 65. f6 Kg8 66. Kg6 {Black
resigns} 1-0

[Event "Team 45 45 League T71"]
[Site "Internet Chess Club"]
[Date "2016.12.07"]
[Round "1"]
[White "TheRailgun"]
[Black "hood"]
[Result "1/2-1/2"]
[WhiteElo "1817"]
[BlackElo "1940"]
[Opening "Ruy Lopez: Anderssen variation"]
[ECO "C77"]
[Time "20:35:32"]
[TimeControl "2700+45"]

1. e4 e5 2. Nf3 Nc6 3. Bb5 a6 4. Ba4 Nf6 5. d3 b5 6. Bb3 Bc5 7. O-O d6 8. a4 Bb7
9. axb5 axb5 10. Rxa8 Qxa8 11. Nc3 b4 12. Nd5 Nxd5 13. Bxd5 O-O 14. Be3 Bxe3 15.
fxe3 Ne7 16. Bb3 Ng6 17. Ng5 d5 18. Qh5 h6 19. Nxf7 Rxf7 20. Rxf7 Kxf7 21. Qf5+
Kg8 22. Qxg6 Kh8 23. exd5 Bxd5 24. Bxd5 Qxd5 25. Qe4 Qc5 26. d4 exd4 27. exd4
Qg5 28. b3 Kg8 29. Kf2 Kf7 30. Ke2 Kg8 31. g3 Qh5+ 32. Kd3 Qxh2 33. Qe8+ Kh7
{Game drawn by mutual agreement} 1/2-1/2

[Event "Team 45 45 League T71"]
[Site "Internet Chess Club"]
[Date "2016.12.08"]
[Round "1"]
[White "soccerisfun"]
[Black "vael"]
[Result "1/2-1/2"]
[WhiteElo "1876"]
[BlackElo "1935"]
[Opening "Sicilian: Anderssen variation"]
[ECO "B41"]
[Time "19:40:31"]
[TimeControl "2700+45"]

1. e4 c5 2. Nf3 e6 3. d4 cxd4 4. Nxd4 Nf6 5. Nc3 Nc6 6. Bf4 Bb4 7. Nb5 Nxe4 8.
Qf3 d5 9. Nc7+ Kf8 10. Nxa8 e5 11. Bd2 Nxd2 12. Qxd5 Qxd5 13. Nxd5 Nb3+ 14. Nxb4
Nxa1 15. Nxc6 bxc6 16. Bd3 Ke7 17. Kd2 Nxc2 18. Kxc2 Kd6 19. Rd1 Be6 20. Be4+
Bd5 21. Nc7 Kxc7 22. Bxd5 cxd5 23. Rxd5 f6 24. Kc3 Rb8 25. b4 Kc6 26. Rd3 f5 27.
a4 a6 28. Kc4 e4 29. Rd4 g5 30. Kc3 Re8 31. Kd2 f4 32. g3 e3+ 33. fxe3 Rxe3 34.
gxf4 gxf4 35. Rxf4 Rh3 36. Rf6+ Kb7 37. Rf2 Kb6 {Game drawn by mutual agreement}
1/2-1/2

[Event "Team 45 45 League T71"]
[Site "Internet Chess Club"]
[Date "2016.12.12"]
[Round "1"]
[White "charles-allen"]
[Black "samit"]
[Result "1/2-1/2"]
[WhiteElo "1859"]
[BlackElo "1483"]
[Opening "Queen's pawn: Chigorin variation"]
[ECO "D00"]
[Time "19:00:39"]
[TimeControl "2700+45"]

1. d4 d5 2. Nc3 Nf6 3. Bf4 Bf5 4. f3 e6 5. g4 Bg6 6. h4 h6 7. e3 Bd6 8. Bd3 Bxf4
9. exf4 Bxd3 10. Qxd3 Qd6 11. Nge2 a6 12. O-O-O Nc6 13. f5 O-O-O 14. fxe6 fxe6
15. Qe3 e5 16. Kb1 Rhe8 17. Qf2 e4 18. Rhg1 Na5 19. b3 Qa3 20. fxe4 Nxe4 21.
Nxe4 dxe4 22. Rg3 e3 23. Qf4 Kb8 {Game drawn by mutual agreement} 1/2-1/2

[Event "Team 45 45 League T71"]
[Site "Internet Chess Club"]
[Date "2016.12.10"]
[Round "1"]
[White "Ptzz"]
[Black "lacibacsi"]
[Result "0-1"]
[WhiteElo "2046"]
[BlackElo "2052"]
[Opening "King's Indian: orthodox, Aronin-Taimanov, bayonet attack"]
[ECO "E97"]
[Time "05:00:34"]
[TimeControl "2700+45"]

1. d4 Nf6 2. c4 g6 3. Nc3 Bg7 4. e4 d6 5. Be2 O-O 6. Nf3 e5 7. O-O Nc6 8. d5 Ne7
9. b4 Nh5 10. Re1 f5 11. Ng5 Nf6 12. Bf3 c6 13. Bb2 h6 14. Ne6 Bxe6 15. dxe6
fxe4 16. Nxe4 Nxe4 17. Rxe4 d5 18. cxd5 cxd5 19. Rxe5 Bxe5 20. Bxe5 Qb6 21. Bb2
Rad8 22. Qd2 Qxe6 23. Qd4 Nf5 24. Qh8+ Kf7 25. Qh7+ Ke8 26. Qxb7 Rf7 27. Qb5+
Kf8 28. Bc3 Nh4 29. Be2 Qe4 30. Bf1 Rc8 31. Bd2 Qd4 32. Rd1 Qxf2+ 33. Kh1 Kg7
34. Qd3 Rcf8 35. Bc3+ Kh7 36. h3 Nf5 37. Be5 Ne3 38. Bd4 Nxd1 {White resigns}
0-1

[Event "Team 45 45 League T71"]
[Site "Internet Chess Club"]
[Date "2016.12.13"]
[Round "1"]
[White "JPSVI"]
[Black "laurenpar"]
[Result "0-1"]
[WhiteElo "1772"]
[BlackElo "1901"]
[Opening "Bird's opening"]
[ECO "A03"]
[Time "23:03:31"]
[TimeControl "2700+45"]

1. f4 d5 2. Nf3 Nf6 3. g3 g6 4. Bg2 Bg7 5. d3 O-O 6. O-O c5 7. Nc3 Nc6 8. Ne5
Nxe5 9. fxe5 Ng4 10. Nxd5 Bxe5 11. Rb1 e6 12. Nc3 Qd4+ 13. e3 Nxe3 14. Bxe3
Qxe3+ 15. Kh1 Qd4 16. Qf3 Rb8 17. Ne4 b6 18. Nf6+ Bxf6 19. Qxf6 Qxf6 20. Rxf6
Bb7 21. Rbf1 Bxg2+ 22. Kxg2 Kg7 23. h4 h5 24. g4 hxg4 25. Kg3 Rb7 26. Kxg4 Rh8
27. R6f4 Rd7 28. Re1 Rh5 29. a4 Rd4 30. Rxd4 cxd4 31. Kg3 Rc5 32. Re2 e5 33. b4
Rd5 34. Re4 f5 35. Re2 Kf6 36. Kf3 Rd7 37. Re1 Rc7 38. Rc1 Rc3 {White resigns}
0-1

[Event "Team 45 45 League T71"]
[Site "Internet Chess Club"]
[Date "2016.12.10"]
[Round "1"]
[White "idjit"]
[Black "Tobiasdelmonte"]
[Result "0-1"]
[WhiteElo "1564"]
[BlackElo "1744"]
[Opening "Petrov: classical attack"]
[ECO "C42"]
[Time "17:00:15"]
[TimeControl "2700+45"]

1. e4 e5 2. Nf3 Nf6 3. Nxe5 d6 4. Nf3 Nxe4 5. d4 d5 6. Bd3 Bg4 7. O-O Be7 8. Re1
f5 9. c4 c6 10. cxd5 cxd5 11. Qa4+ Nc6 12. Ne5 Qb6 13. Nxc6 bxc6 14. f3 O-O 15.
fxg4 Bf6 16. Bxe4 Bxd4+ 17. Kh1 fxe4 18. Nc3 Rf2 19. Nd1 Rf7 20. Be3 c5 21. Bxd4
cxd4 22. Rc1 Raf8 23. Rg1 Qh6 24. Qc6 Qf4 25. h3 e3 26. Nxe3 dxe3 27. Qxd5 e2
28. Qc4 Qxc4 29. Rxc4 Rf1 30. Re4 Rxg1+ 31. Kxg1 Rf1+ {White resigns} 0-1

[Event "Team 45 45 League T71"]
[Site "Internet Chess Club"]
[Date "2016.12.10"]
[Round "1"]
[White "fireball"]
[Black "Gilguli"]
[Result "1-0"]
[WhiteElo "1709"]
[BlackElo "1322"]
[Opening "Sicilian: Smith-Morra gambit"]
[ECO "B21"]
[Time "15:07:17"]
[TimeControl "2700+45"]

1. e4 c5 2. d4 cxd4 3. c3 dxc3 4. Nxc3 Nc6 5. Nf3 d6 6. Bc4 h6 7. O-O Bg4 8. Qb3
e6 9. Qxb7 Nge7 10. Be2 Rb8 11. Qa6 Rb6 12. Qa4 g6 13. Rd1 Bg7 14. Nd5 exd5 15.
exd5 Rb4 16. Qa3 Qa5 17. dxc6 Qxa3 18. bxa3 Ra4 19. Rb1 O-O 20. Rxd6 Rc8 21. Bb5
Re4 22. Be3 Nf5 23. Rd3 Nxe3 24. Rxe3 Re6 25. Rxe6 Bxe6 26. Rc1 Bxa2 27. c7 Be6
28. Ba6 Kf8 29. Bxc8 Bxc8 30. Rd1 Bf6 31. Nd4 Bb7 32. Nb5 Be5 33. Rd8+ Kg7
{Black resigns} 1-0

[Event "Team 45 45 League T71"]
[Site "Internet Chess Club"]
[Date "2016.12.10"]
[Round "1"]
[White "ChessHouston"]
[Black "santiagoelawad"]
[Result "0-1"]
[WhiteElo "1876"]
[BlackElo "2019"]
[Opening "Caro-Kann: Gurgenidze system"]
[ECO "B15"]
[Time "10:04:03"]
[TimeControl "2700+45"]

1. e4 c6 2. d4 d5 3. Nc3 g6 4. Nf3 Bg7 5. Be2 Nf6 6. e5 Ne4 7. O-O Bg4 8. h3
Bxf3 9. Bxf3 Nxc3 10. bxc3 O-O 11. Re1 e6 12. a4 b5 13. axb5 cxb5 14. Be2 Qb6
15. Qd3 a6 16. Ba3 Rc8 17. Reb1 Nd7 18. Kh1 Bf8 19. Bc1 Qc6 20. Bd2 Nb6 21. f4
Nc4 22. Be1 a5 23. g4 a4 24. f5 a3 25. Rb3 Bh6 26. Qf3 a2 27. Bxc4 Qxc4 28. fxe6
fxe6 29. Qf6 Rf8 30. Qxe6+ Kh8 31. Bh4 Rf1+ {White resigns} 0-1

[Event "Team 45 45 League T71"]
[Site "Internet Chess Club"]
[Date "2016.12.09"]
[Round "1"]
[White "primerpaso"]
[Black "LiangLiang"]
[Result "0-1"]
[WhiteElo "1831"]
[BlackElo "1892"]
[Opening "English opening"]
[ECO "A17"]
[Time "19:00:53"]
[TimeControl "2700+45"]

1. c4 Nf6 2. Nc3 e6 3. g3 d5 4. cxd5 exd5 5. d4 c6 6. Bg2 Bd6 7. Nf3 O-O 8. O-O
Re8 9. a3 Nbd7 10. Bf4 Be7 11. Ne5 Nf8 12. b4 Ne6 13. Bc1 Bd6 14. e3 Qc7 15. Nd3
Ng5 16. Bb2 Bg4 17. f3 Bxg3 18. fxg4 Bxh2+ 19. Kh1 Rxe3 20. Bc1 Nxg4 21. Qxg4
Rxd3 22. Bxg5 Rxc3 23. Rf3 Rxf3 24. Bxf3 Qg3 25. Qxg3 Bxg3 26. Kg2 Bd6 27. b5 h6
28. Bd2 Rc8 29. Kf2 f5 30. a4 Kf7 31. Rc1 Rc7 32. Ba5 Bf4 33. Rc2 b6 34. Bb4
cxb5 35. Bxd5+ Kf6 36. Rxc7 Bxc7 37. axb5 g5 38. Bg8 g4 39. Bd2 f4 40. d5 Bd6
41. Bh7 Ke5 42. Bg8 Ke4 43. Be6 g3+ 44. Kf1 f3 45. Bh3 g2+ {White resigns} 0-1

[Event "Team 45 45 League T71"]
[Site "Internet Chess Club"]
[Date "2016.12.11"]
[Round "1"]
[White "evan7284"]
[Black "Portola"]
[Result "1-0"]
[WhiteElo "1749"]
[BlackElo "1696"]
[Opening "Torre attack (Tartakower variation)"]
[ECO "D03"]
[Time "12:04:22"]
[TimeControl "2700+45"]

1. d4 d5 2. Nf3 Nf6 3. Bg5 e6 4. Nbd2 Be7 5. e3 O-O 6. Bd3 Nbd7 7. c3 c5 8. Ne5
h6 9. Bh4 Nxe5 10. dxe5 Nd7 11. Bg3 Qc7 12. Qh5 c4 13. Bc2 b5 14. O-O Qb6 15.
Nf3 a5 16. Bf4 Re8 17. g4 Nf8 18. g5 hxg5 19. Nxg5 Bxg5 20. Bxg5 b4 21. Rad1 b3
22. axb3 cxb3 23. Bb1 Qb5 24. Rd4 Ng6 25. Bxg6 fxg6 26. Qxg6 Ba6 27. Re1 Qd7 28.
Rh4 Qb7 29. Qh7+ {Black resigns} 1-0

[Event "Team 45 45 League T71"]
[Site "Internet Chess Club"]
[Date "2016.12.11"]
[Round "1"]
[White "kabindra"]
[Black "watkins"]
[Result "1-0"]
[WhiteElo "1655"]
[BlackElo "1591"]
[Opening "Sicilian: Tartakower variation"]
[ECO "B53"]
[Time "11:10:20"]
[TimeControl "2700+45"]

1. e4 c5 2. Nf3 d6 3. d4 cxd4 4. c3 Nf6 5. e5 dxe5 6. Nxe5 Nbd7 7. Qxd4 Nxe5 8.
Qxe5 e6 9. Bf4 Be7 10. Bb5+ Bd7 11. O-O O-O 12. Rd1 a6 13. Ba4 b5 14. Bc2 Qb6
15. Nd2 Rfd8 16. Ne4 Nxe4 17. Qxe4 f5 18. Qf3 Qc6 19. Qe3 Bf6 20. Bb3 Re8 21.
Rd6 Qc8 22. Rad1 Kh8 23. Rxd7 e5 24. Bg5 f4 25. Bxf6 fxe3 26. Bxg7# {Black
checkmated} 1-0

[Event "Team 45 45 League T71"]
[Site "Internet Chess Club"]
[Date "2016.12.11"]
[Round "1"]
[White "chesskix"]
[Black "TwinsburgOHUSA"]
[Result "1-0"]
[WhiteElo "1532"]
[BlackElo "1364"]
[Opening "Réti opening"]
[ECO "A04"]
[Time "15:30:26"]
[TimeControl "2700+45"]

1. Nf3 g6 2. c4 Bg7 3. Nc3 Nf6 4. d3 O-O 5. g3 b6 6. Bg2 Bb7 7. O-O d6 8. Bd2
Nbd7 9. Rb1 Re8 10. b4 a5 11. a3 axb4 12. axb4 e6 13. Nb5 h6 14. h3 Qc8 15. Bc3
e5 16. e4 g5 17. Nh2 Nb8 18. Bd2 Nc6 19. Be3 Na7 20. Nc3 Nc6 21. Nd5 Nd4 22.
Nxf6+ Bxf6 23. Ng4 Bg7 24. Nh2 c5 25. b5 f5 26. exf5 Bxg2 27. Kxg2 Qe6 28. fxe6
{Black resigns} 1-0

[Event "Team 45 45 League T71"]
[Site "Internet Chess Club"]
[Date "2016.12.12"]
[Round "1"]
[White "Kingofknights"]
[Black "OGO"]
[Result "1-0"]
[WhiteElo "1503"]
[BlackElo "1466"]
[Opening "King's Indian: 6.Be2"]
[ECO "E91"]
[Time "19:30:23"]
[TimeControl "2700+45"]

1. d4 Nf6 2. c4 g6 3. Nc3 Bg7 4. e4 d6 5. Nf3 O-O 6. Be2 Nbd7 7. b4 b6 8. Bb2
Bb7 9. d5 Rc8 10. Qd3 a6 11. O-O c6 12. Rfe1 cxd5 13. exd5 Ng4 14. Na4 Nge5 15.
Nxe5 Nxe5 16. Bxe5 Bxe5 17. Rac1 e6 18. Bf3 exd5 19. cxd5 b5 20. Nc3 Qf6 21. Ne4
Qf5 22. Qe2 Bxd5 23. Bg4 Qxe4 24. Qxe4 Bxe4 25. Bxc8 Bb2 26. Rc7 d5 27. Bxa6 Bd3
28. a4 Ra8 29. Bxb5 Bxb5 30. axb5 Rb8 31. Rc5 d4 32. Kf1 Bc3 33. Rb1 Re8 34. Rd5
Kg7 35. b6 {Black resigns} 1-0

[Event "Team 45 45 League T71"]
[Site "Internet Chess Club"]
[Date "2016.12.10"]
[Round "1"]
[White "kingsrook"]
[Black "liujf"]
[Result "0-1"]
[WhiteElo "1293"]
[BlackElo "1350"]
[Opening "Grünfeld: exchange variation"]
[ECO "D85"]
[Time "14:01:37"]
[TimeControl "2700+45"]

1. d4 Nf6 2. c4 g6 3. Nc3 d5 4. cxd5 Nxd5 5. e4 Nxc3 6. bxc3 Bg7 7. Bg5 O-O 8.
Nf3 c5 9. Rc1 Nc6 10. d5 Ne5 11. Nxe5 Bxe5 12. Qd2 Bg7 13. Bc4 Qc7 14. Bh6 Bd7
15. Bxg7 Kxg7 16. O-O Rad8 17. Rfe1 Rfe8 18. e5 Bc6 19. d6 exd6 20. exd6 Rxd6
21. Qf4 b5 22. Rxe8 Bxe8 23. Qe5+ f6 24. Qxe8 bxc4 25. Re1 Rd7 26. h3 Rf7 27. a4
Qd7 28. Qe3 Qxa4 29. Qxc5 a6 30. Re4 Qa1+ 31. Kh2 Qxc3 32. Rxc4 Qe5+ 33. g3 Qxc5
34. Rxc5 f5 35. Ra5 Rf6 36. Kg2 h5 37. f4 Kf7 38. h4 Ke7 39. Kf3 Re6 40. Kf2 Rd6
41. Ke2 Kd7 42. Rc5 Rc6 43. Rd5+ Kc7 44. Re5 Kb6 45. Kf2 Rc5 46. Re6+ Rc6 47.
Re5 Rc5 48. Re6+ Rc6 49. Re5 a5 50. Kf3 a4 51. Kf2 a3 52. Re1 Kb5 53. Rb1+ Ka5
54. Ra1 Ka4 55. Rd1 a2 56. Rd4+ Kb3 57. Rd3+ Kb2 58. Rd1 Rc1 {White resigns} 0-1